 Dungeon Crawl Stone Soup version 0.20.1-1-g8b1a95d (webtiles) character file.

3388 gobwax the Cleaver (level 10, -12/88 HPs)
             Began as a Hill Orc Fighter on July 4, 2017.
             Mangled by a two-headed ogre
             ... wielding a +0 giant spiked club
              (16 damage)
             ... on level 9 of the Dungeon.
             The game lasted 00:12:47 (6507 turns).

gobwax the Cleaver (Hill Orc Fighter)               Turns: 6507, Time: 00:12:48

Health: -12/88     AC: 10    Str: 26    XL:     10   Next: 4%
Magic:  19/19      EV: 10    Int:  8    God:
Gold:   524        SH:  5    Dex: 12    Spells: 9/9 levels left

rFire    . . .     SeeInvis .   a - +0 war axe
rCold    . . .     Gourm    .   l - +0 buckler
rNeg     . . .     Faith    .   r - +0 chain mail
rPois    .         Spirit   .   (helmet restricted)
rElec    .         Reflect  .   h - scarf {cloud immunity}
rCorr    .         Harm     .   E - +0 pair of gloves "Xaserph" {Str+3}
MR       .....                  (no boots)
Stlth    ..........             (no amulet)
Regen    0.3/turn               t - ring of magical power
MPRegen  0.2/turn               (no ring)

@: no status effects
A: horns 1, repulsion field 1, agile 1
a: no special abilities


You were on level 9 of the Dungeon.
You were not hungry.

You visited 2 branches of the dungeon, and saw 10 of its levels.

You collected 524 gold pieces.

Inventory:

Hand Weapons
 a - a +0 war axe (weapon)
Armour
 b - a +0 scale mail
 c - a +0 shield
 h - a scarf of cloud immunity (worn)
 l - a +0 buckler (worn)
 n - a +0 pair of gloves
 r - a +0 chain mail (worn)
 E - the +0 pair of gloves "Xaserph" (worn) {Str+3}
   (You found it on level 5 of the Dungeon)

   It affects your strength (+3).
Jewellery
 t - a ring of magical power (left hand)
 v - a +5 ring of strength {unknown}
 x - an uncursed amulet of the gourmand {unknown}
Wands
 m - a wand of flame (30/48)
Scrolls
 e - 2 scrolls of remove curse {unknown}
 g - 3 scrolls of recharging {unknown}
 i - 6 scrolls of teleportation {unknown}
 j - a scroll of enchant weapon {unknown}
 k - a scroll of noise {unknown}
 o - 3 scrolls of blinking {unknown}
 q - a scroll of immolation {unknown}
 w - 7 scrolls of identify {unknown}
 y - 2 scrolls of enchant armour {unknown}
 z - 2 scrolls of magic mapping {unknown}
 B - 2 scrolls of random uselessness {unknown}
 C - a scroll of brand weapon {unknown}
 G - a scroll of vulnerability {unknown}
 H - a scroll of fog {unknown}
Potions
 d - 2 potions of might
 s - a potion of resistance {unknown}
 u - a potion of haste {unknown}
 A - 2 potions of curing
 D - a potion of flight {unknown}
Books
 F - a book of Power

   Spells                             Type                      Level
   a - Iskenderun's Battlesphere      Conjuration/Charms           5
   b - Venom Bolt                     Conjuration/Poison           5
   c - Bolt of Magma                  Conjuration/Fire/Earth       5
   d - Iron Shot                      Conjuration/Earth            6
   e - Orb of Destruction             Conjuration                  7
   f - Spellforged Servitor           Conjuration/Summoning        7
Comestibles
 f - 12 bread rations
 p - a royal jelly


   Skills:
 + Level 8.2 Fighting
 - Level 14.7 Axes
 - Level 3.2 Armour
 + Level 5.4 Shields


You had 9 spell levels left.
You didn't know any spells.

Dungeon Overview and Level Annotations

Branches:
Dungeon (9/15)             Temple (1/1) D:6
   Lair: D:8-11         Orc: D:9-12

Altars:
Ashenzari
Cheibriados
Dithmenos
Elyvilon
Gozag
Hepliaklqana
Kikubaaqudgha
Makhleb
Nemelex Xobeh
Okawaru
Qazlal
Ru
Sif Muna
Trog
Vehumet
Xom
Yredelemnul
Zin

Shops:
D:7 %


Innate Abilities, Weirdness & Mutations

You have a pair of small horns on your head.
You are surrounded by a mild repulsion field. (EV +2)
You are agile. (Dex +2)


Message History

The two-headed ogre is moderately wounded.
You block the two-headed ogre's attack.
The two-headed ogre hits you with a dire flail.
You barely miss the two-headed ogre. You headbutt the two-headed ogre.
The two-headed ogre is moderately wounded.
You hit the two-headed ogre but do no damage.
You headbutt the two-headed ogre!
The two-headed ogre is heavily wounded.
The two-headed ogre hits you with a giant spiked club!
* * * LOW HITPOINT WARNING * * *
You block the two-headed ogre's attack.
You hit the two-headed ogre but do no damage.
The two-headed ogre is heavily wounded.
Sorry, you're not good enough to have a special ability.
You hit the two-headed ogre. You headbutt the two-headed ogre.
The two-headed ogre is heavily wounded.
The two-headed ogre hits you with a giant spiked club!!
* * * LOW HITPOINT WARNING * * *
The two-headed ogre hits you with a dire flail!
You die...

## .. ### .# ##.## .###
##...## ##### ...
#.....# ##.##. ## #.#
##...#####.#.#.
#.##.#####...>......#..
#.#.O@.....###.##...#.
#.#######<##...#.....
##.## ##'##.⌠.#...#.
#.O.# ##...#...##.##.
#.##.###....##.######.
#.# .##......#.# #..
#.. .######.##.## ####
#.. .' ..###...###...
... .. ⌠....._.....⌠.


You could see a two-headed ogre.

Vanquished Creatures
  Pikel (D:6)
  Grinder (D:5)
  A slime creature (D:9)
  A hippogriff (D:8)
  A spriggan (D:7)
  Duvessa (D:6)
  A black bear (D:8)
  An orc warrior (D:7)
  3 ogres
  An ice beast (D:8)
  A centaur (D:7)
  4 bullfrogs
  Dowan (D:6)
  A water moccasin zombie (D:7)
  2 scorpions
  A water moccasin skeleton (D:7)
  3 killer bees (D:8)
  2 crimson imps
  An orc priest (D:4)
  8 orc wizards
  5 hounds
  2 iguanas
  A jelly (D:8)
  3 worker ants
  Terence (D:2)
  A howler monkey zombie (D:8)
  6 adders
  4 gnolls (D:6)
  2 worms
  2 dart slugs
  A leopard gecko (D:4)
  25 orcs
  7 giant cockroaches
  3 goblins
  7 hobgoblins
  2 quokkas
  6 bats
  3 frilled lizards
  5 kobolds
  A quokka zombie (D:7)
  7 rats
130 creatures vanquished.

Vanquished Creatures (others)
  4 slaves (D:6)
  An orc wizard (D:6)
5 creatures vanquished.

Grand Total: 135 creatures vanquished

Notes
Turn   | Place    | Note
-------+----------+-------------------------------------------
     0 | D:1      | gobwax the Hill Orc Fighter began the quest for the Orb.
     0 | D:1      | Reached XP level 1. HP: 19/19 MP: 1/1
    28 | D:1      | Reached skill level 3 in Axes
   180 | D:1      | Reached XP level 2. HP: 17/26 MP: 2/2
   530 | D:1      | Reached skill level 4 in Axes
   586 | D:2      | Noticed Terence
   616 | D:2      | Killed Terence
   616 | D:2      | Reached skill level 5 in Axes
   616 | D:2      | Reached XP level 3. HP: 21/31 MP: 3/3
   639 | D:2      | Found a glowing silver altar of Zin.
   640 | D:2      | Found a shadowy altar of Dithmenos.
   641 | D:2      | Found a burning altar of Makhleb.
   643 | D:2      | Found a stormy altar of Qazlal.
   644 | D:2      | Found a shimmering altar of Xom.
   813 | D:2      | Reached XP level 4. HP: 26/39 MP: 4/4
  1187 | D:3      | Reached skill level 6 in Axes
  1336 | D:3      | Found an ancient bone altar of Kikubaaqudgha.
  1511 | D:3      | Reached XP level 5. HP: 45/45 MP: 5/5
  2261 | D:4      | Reached skill level 7 in Axes
  2426 | D:4      | Reached skill level 8 in Axes
  2426 | D:4      | Reached XP level 6. HP: 23/51 MP: 6/6
  2448 | D:4      | Gained mutation: You are surrounded by a mild repulsion field. (EV +2) [potion of mutation]
  2448 | D:4      | Gained mutation: You are somewhat resistant to further mutation. [potion of mutation]
  2635 | D:4      | Reached skill level 9 in Axes
  2672 | D:4      | Reached XP level 7. HP: 37/57 MP: 7/7
  2884 | D:5      | Entered Level 5 of the Dungeon
  2920 | D:5      | Reached skill level 10 in Axes
  3084 | D:5      | Noticed Grinder
  3092 | D:5      | Killed Grinder
  3092 | D:5      | Reached skill level 11 in Axes
  3347 | D:5      | Got a pair of heavily runed gloves
  3358 | D:5      | Identified the +0 pair of gloves "Xaserph" {Str+3} (You found it on level 5 of the Dungeon)
  3468 | D:6      | Noticed Dowan
  3472 | D:6      | Noticed Duvessa
  3485 | D:6      | Killed Duvessa
  3485 | D:6      | Reached XP level 8. HP: 48/64 MP: 8/8
  3489 | D:6      | Killed Dowan
  3497 | D:6      | Noticed Pikel
  3511 | D:6      | Killed Pikel
  3511 | D:6      | Reached skill level 13 in Axes
  4054 | D:6      | Lost mutation: You are somewhat resistant to further mutation. [potion of mutation]
  4054 | D:6      | Gained mutation: You are agile. (Dex +2) [potion of mutation]
  4054 | D:6      | Gained mutation: You have a pair of small horns on your head. [potion of mutation]
  4078 | D:6      | Reached skill level 14 in Axes
  4078 | D:6      | Reached XP level 9. HP: 18/70 MP: 9/9
  4569 | D:6      | Found a staircase to the Ecumenical Temple.
  4580 | Temple   | Entered the Ecumenical Temple
  5337 | D:7      | Reached skill level 5 in Fighting
  5488 | D:7      | Found Onwuruh's Food Boutique.
  6012 | D:8      | Noticed a cyclops
  6028 | D:9      | Reached skill level 5 in Shields
  6047 | D:9      | Reached XP level 10. HP: 7/88 MP: 10/10
  6047 | D:9      | HP: 2/88 [bullfrog (6)]
  6426 | D:9      | Found a white marble altar of Elyvilon.
  6492 | D:9      | Noticed a two-headed ogre
  6507 | D:9      | HP: 4/88 [two-headed ogre/giant spiked club (21)]
  6507 | D:9      | Mangled by a two-headed ogre

Skill      XL: |  1  2  3  4  5  6  7  8  9 |
---------------+----------------------------+-----
Axes           | 3 5 6 8 9 11 14 | 14.7
Fighting       | 8 |  8.2
Shields        | 5 |  5.4
Armour         | |  3.2

Action                   |  1- 3 |  4- 6 |  7- 9 | 10-12 || total
-------------------------+-------+-------+-------+-------++-------
Melee: War axe           |    72 |   138 |   262 |     9 ||   481
       Headbutt          |       |       |    27 |     6 ||    33
  Use: Potion            |       |     3 |     5 |       ||     8
  Eat: Chunk             |       |     6 |     9 |       ||    15
       Fruit             |       |       |     1 |       ||     1
       Meat ration       |       |       |       |     1 ||     1
Armor: Scale mail        |    27 |    19 |       |       ||    46
       Chain mail        |       |    59 |    85 |       ||   144
Dodge: Dodged            |    25 |    44 |    79 |     2 ||   150
Block: Shield            |    37 |     7 |       |       ||    44
       Buckler           |       |    20 |    49 |     3 ||    72
